Map: 터보 크루즈 '84 - 래더

Players

Awers

  • Race: Terran Terran
  • League: Grandmaster
  • Spawn Location: 3:00

soO - Winner!

  • Race: Zerg Zerg
  • League: Master
  • Spawn Location: 7:00

Event: 2019 Assembly Summer

VOD

Have the link to the VOD?

Description

Time

  • Played on: Aug. 1, 2019, 5:19 a.m.
  • Length: 10:21

All games in this series

Show
View Real Time Build Order
Export as new Build Order

Awers Terran 

Build Orders: Liberator Opening, Reaper Expand, Mech 

Get SALT Encoding   

  12  0:00  SCV  
  13  0:13  SCV  
  14  0:18  Supply Depot  
  14  0:25  SCV  
  15  0:39  SCV  
  15  0:40  Barracks  
  16  0:45  Refinery  
  16  0:51  SCV  
  17  1:04  SCV  
  18  1:16  SCV  
  19  1:28  Reaper, Orbital Command  
  20  1:41  Command Center  
  20  1:49  Supply Depot  
  20  1:53  SCV  
  21  1:59  Marine  
  22  2:05  SCV  
  23  2:12  Factory  
  23  2:15  Refinery  
  23  2:17  SCV  
  23  2:22  Barracks Reactor  
  24  2:29  SCV  
  24  2:42  SCV  
  25  2:54  SCV  
  26  3:00  Starport  
  26  3:06  SCV  
  26  3:11  Orbital Command  
  26  3:18  SCV  
  27  3:20  Hellion  
  27  3:21  Hellion  
  27  3:25  Barracks Tech Lab  
  30  3:30  SCV  
  31  3:36  Medivac  
  31  3:39  SCV  
  34  3:42  Widow Mine x2, SCV  
  34  3:44  Supply Depot  
  39  3:51  SCV  
  39  3:53  Liberator  
  39  3:54  SCV  
  41  3:55  Bunker  
  40  4:03  SCV  
  40  4:05  Hellion x2  
  40  4:07  SCV  
  46  4:17  Marine, SCV  
  49  4:21  SCV  
  52  4:32  SCV  
  53  4:42  SCV  
  53  4:44  Supply Depot  
  54  4:49  Supply Depot  
  54  4:52  Command Center  
  54  4:54  Armory  
  54  4:56  Armory  
  54  5:04  Refinery  
  54  5:05  Refinery  
  54  5:06  SCV x2  
  56  5:13  Factory x2  
  56  5:14  Starport Reactor  
  56  5:18  SCV  
  56  5:21  SCV  
  55  5:29  Hellion x2  
  55  5:30  SCV  
  60  5:36  SCV  
  60  5:42  SCV  
  62  5:44  Terran Vehicle Weapons Level 1, Terran Vehicle And Ship Armor Level 1  
  62  5:48  SCV  
  61  5:51  Hellion  
  61  5:54  SCV  
  61  5:55  Hellion  
  66  5:59  Factory Tech Lab  
  66  6:00  SCV  
  67  6:06  SCV  
  68  6:13  SCV  
  68  6:16  Thor  
  73  6:18  SCV  
  73  6:24  Hellion x2, Thor  
  84  6:29  Supply Depot  
  84  6:31  Supply Depot  
  84  6:32  SCV  
  85  6:39  Orbital Command  
  85  6:50  Medivac x2  
  85  6:51  SCV  
  90  6:57  Hellion x2  
  90  6:58  Hellion  
  90  7:05  SCV  
  90  7:06  Siege Tank  
  90  7:07  Siege Tank, SCV  
  94  7:09  Refinery, SCV  
  94  7:10  Refinery  
  94  7:12  Hellion x2  
  99  7:17  SCV  
  99  7:19  SCV  
  99  7:22  Supply Depot  
  101  7:27  Supply Depot x2  
  101  7:28  Supply Depot  
  101  7:31  Factory  
  101  7:32  Factory  
  101  7:44  Siege Tank, SCV x3  
  107  7:56  SCV x3  
  103  7:58  Hellion, Siege Tank  
  103  8:02  Hellion  
  99  8:08  SCV  
  100  8:16  Siege Tank, Factory Tech Lab  
  107  8:20  Hellion  
  107  8:21  Factory Reactor  
  107  8:23  Hellion  
  107  8:27  SCV  
  107  8:28  Command Center  
  107  8:31  Hellion  
  107  8:32  Infernal Pre-Igniter  
  107  8:34  Thor  
  110  8:38  Hellion  
  106  8:45  Hellion x2  
  106  8:48  Siege Tank  
  113  8:52  Siege Tank  
  116  8:57  Supply Depot  
  116  8:58  Supply Depot  
  116  9:01  Supply Depot  
  102  9:12  Hellion x3, Siege Tank  
  102  9:13  Hellion  
  113  9:17  SCV  
  113  9:24  Hellion, Siege Tank  
  114  9:25  SCV  
  114  9:29  SCV  
  114  9:31  SCV  
  117  9:37  SCV  
  118  9:41  SCV  
  116  9:51  Hellion  
  116  9:52  Hellion  
Show
View Real Time Build Order
Export as new Build Order

soO Zerg - Winner!

Build Orders: Pool First, Swarm Host 

Get SALT Encoding   

  12  0:00  Drone  
  13  0:12  Overlord  
  13  0:17  Drone  
  14  0:30  Drone x2  
  14  0:34  Drone  
  17  0:44  Spawning Pool  
  17  0:47  Drone  
  17  1:07  Hatchery  
  17  1:10  Drone  
  17  1:14  Drone  
  18  1:18  Drone  
  18  1:24  Extractor  
  18  1:32  Queen, Zergling x2  
  21  1:39  Overlord  
  21  1:49  Drone  
  22  2:03  Drone  
  22  2:08  Queen  
  25  2:15  Drone  
  26  2:19  Drone, Queen  
  30  2:22  Zergling x2  
  30  2:27  Spore Crawler  
  29  2:31  Metabolic Boost  
  29  2:32  Drone  
  29  2:33  Drone  
  32  2:39  Overlord  
  32  2:40  Drone  
  32  2:42  Drone  
  34  2:46  Drone  
  34  2:49  Drone  
  36  3:01  Drone  
  36  3:08  Drone  
  36  3:09  Hatchery  
  37  3:12  Drone  
  37  3:13  Drone  
  37  3:17  Drone x2  
  40  3:24  Drone  
  41  3:29  Overlord, Queen  
  43  3:34  Overlord  
  43  3:38  Overlord  
  43  3:48  Zergling x2  
  43  3:49  Zergling x4  
  43  3:50  Drone  
  43  3:51  Drone  
  43  3:55  Drone  
  49  3:58  Drone  
  49  4:00  Drone  
  49  4:01  Drone  
  49  4:02  Drone  
  53  4:06  Drone  
  53  4:07  Drone  
  53  4:08  Drone, Lair  
  55  4:11  Drone  
  55  4:13  Drone  
  57  4:17  Queen  
  57  4:18  Extractor x2  
  57  4:21  Drone  
  58  4:24  Zergling x4  
  58  4:27  Zergling x4  
  58  4:29  Overlord  
  62  4:33  Drone  
  62  4:34  Drone  
  62  4:36  Spore Crawler  
  62  4:37  Overlord  
  63  4:39  Drone x2, Overlord  
  63  4:42  Drone  
  66  4:46  Overlord  
  66  4:48  Spore Crawler  
  66  4:49  Spore Crawler  
  66  4:51  Drone  
  65  4:53  Drone  
  65  4:58  Drone x6  
  72  5:02  Baneling Nest  
  72  5:06  Overseer  
  70  5:08  Drone x2  
  70  5:13  Drone x3  
  75  5:20  Drone  
  76  5:23  Evolution Chamber, Extractor  
  76  5:24  Drone  
  76  5:25  Drone x2, Evolution Chamber  
  76  5:34  Drone x2  
  78  5:41  Drone x4  
  78  5:42  Drone  
  83  5:43  Drone x3  
  83  5:46  Centrifical Hooks  
  86  5:51  Zerg Ground Armor Level 1, Zerg Melee Weapons Level 1  
  86  5:52  Extractor  
  86  5:56  Overseer  
  85  6:00  Roach Warren  
  85  6:04  Zergling x10  
  86  6:09  Hatchery  
  87  6:14  Drone x3  
  87  6:15  Drone  
  87  6:17  Extractor  
  90  6:28  Zergling x8  
  94  6:36  Drone  
  94  6:39  Baneling x3  
  95  6:41  Overlord  
  95  6:44  Roach  
  95  6:46  Overlord  
  97  6:52  Overlord  
  97  6:53  Baneling x5  
  96  7:02  Roach x5  
  96  7:06  Infestation Pit, Drone  
  105  7:09  Drone x8  
  113  7:20  Drone x2  
  115  7:23  Overlord  
  115  7:24  Overlord  
  115  7:32  Overlord  
  115  7:34  Extractor  
  115  7:35  Baneling x3, Extractor  
  115  7:37  Roach x3  
  119  7:38  Overlord  
  119  7:39  Overlord  
  119  7:42  Spore Crawler  
  122  7:44  Roach x5  
  122  7:45  Overlord  
  128  7:57  Glial Reconstitution  
  124  7:58  Swarm Host x5  
  124  7:59  Swarm Host x8  
  157  8:09  Swarm Host x2  
  157  8:12  Overlord x2  
  163  8:13  Swarm Host  
  163  8:15  Overlord  
  166  8:23  Zerg Missile Weapons Level 1, Nydus Network  
  166  8:26  Queen  
  165  8:32  Hatchery  
  161  8:36  Drone x6  
  164  8:49  Hive  
  164  8:50  Roach x13  
  164  8:55  Overlord x2  
  190  8:57  Overlord  
  190  9:12  Overlord, Nydus Canal  
  189  9:18  Roach x3, Ravager x4  
  189  9:23  Spire  
  198  9:24  Spine Crawler  
  198  9:26  Spine Crawler  
  198  9:27  Spine Crawler  
  198  9:28  Roach x3  
  198  9:29  Drone  
  198  9:30  Spine Crawler  
  198  9:31  Nydus Canal  
  198  9:34  Ravager  
  200  10:00  Ravager  
  199  10:20  Ravager  
Tags
 
Add a new tag
Caveats
  • Supply blocks, unpowered buildings, or Contaminate may cause inaccurate times.
  • Supply counts are checked every 10 seconds.